 Dungeon Crawl Stone Soup version 0.29.1-12-g30fa7ad0bf (webtiles) character file.

Game seed: 10637502369487306102

126 venomsnake the Conjurer (level 4, 0/24 HPs)
             Began as a Deep Elf Conjurer on Dec 26, 2022.
             Splashed by a jelly's acid (11 damage)
             ... on level 2 of the Dungeon.
             The game lasted 00:08:48 (2056 turns).

venomsnake the Conjurer (Deep Elf Conjurer)         Turns: 2056, Time: 00:08:48

Health: 0/24       AC: -2    Str:  4    XL:     4   Next: 84%
Magic:  6/12       EV: 12    Int: 25    God:
Gold:   133        SH:  0    Dex: 13    Spells: 9/12 levels left

rFire   . . .      SeeInvis .   l - +3 dagger
rCold   . . .      Faith    .   (no shield)
rNeg    . . .      Spirit   .   a - +0 robe
rPois   .          Reflect  .   (no helmet)
rElec   .          Harm     .   (no cloak)
rCorr   .          Rampage  .   (no gloves)
Will    .....                   (no boots)
Stlth   ++........              (no amulet)
HPRegen 0.08/turn               h - ring of flight
MPRegen 0.13/turn               (no ring)

@: corroded, flying
A: no striking features
a: no special abilities


You were on level 2 of the Dungeon.
You visited 1 branch of the dungeon, and saw 2 of its levels.

You collected 133 gold pieces.

Inventory:

Hand Weapons
 l - a +3 dagger (weapon)
Missiles
 g - 26 stones
Armour
 a - a +0 robe (worn)
Jewellery
 h - a ring of flight (left hand)
Scrolls
 e - 2 scrolls of teleportation {unknown}
 i - a scroll of noise {unknown}
 j - a scroll of amnesia {unknown}
 k - 2 scrolls of identify {unknown}
Potions
 b - a potion of magic
 c - a potion of degeneration {unknown}
 d - a potion of might {unknown}
 f - a potion of flight {unknown}
 m - a potion of cancellation {unknown}
 n - 2 potions of curing {unknown}


   Skills:
 - Level 2.4 Dodging
 - Level 2.4 Stealth
 + Level 4.6 Spellcasting
 + Level 5.3 Conjurations
 + Level 2.6 Translocations


You had 9 spell levels left.
You knew the following spells:

 Your Spells              Type           Power      Damage    Failure   Level
a - Magic Dart            Conj           100%       1d8       1%          1
b - Searing Ray           Conj           64%        2d6       1%          2

Your spell library contained the following spells:

 Spells                   Type           Power      Damage    Failure   Level
 Dazzling Flash           Conj/Hex       38%        N/A       9%          3
 Iskenderun's Mystic Bla  Conj/Tloc      25%        2d7       16%         4
 Fulminant Prism          Conj/Hex       9%         3d7       28%         4


Dungeon Overview and Level Annotations

Branches:
Dungeon (2/15)

Altars:

Shops:
D:1 !


Message History

Confirm with . or Enter, or press ? or * to list all spells.
Aiming: Magic Dart (safe; 1% risk of failure)
Press: ? - help, Shift-Dir - straight line, f/p - jelly
Aim: a jelly (lightly wounded, 100% to hit)
The magic dart hits the jelly.
The jelly is moderately wounded.
The jelly hits you but does no damage.
Casting: Magic Dart (safe; 1% risk of failure)
Confirm with . or Enter, or press ? or * to list all spells.
Aiming: Magic Dart (safe; 1% risk of failure)
Press: ? - help, Shift-Dir - straight line, f/p - jelly
Aim: a jelly (moderately wounded, 100% to hit)
The magic dart hits the jelly.
The jelly is heavily wounded.
The jelly barely misses you.
Casting: Magic Dart (safe; 1% risk of failure)
Confirm with . or Enter, or press ? or * to list all spells.
Aiming: Magic Dart (safe; 1% risk of failure)
Press: ? - help, Shift-Dir - straight line, f/p - jelly
Aim: a jelly (heavily wounded, 100% to hit)
The magic dart hits the jelly.
The jelly is severely wounded.
The jelly barely misses you.
Casting: Magic Dart (safe; 1% risk of failure)
Confirm with . or Enter, or press ? or * to list all spells.
Aiming: Magic Dart (safe; 1% risk of failure)
Press: ? - help, Shift-Dir - straight line, f/p - jelly
Aim: a jelly (severely wounded, 100% to hit)
The magic dart hits the jelly.
The jelly is almost dead.
The jelly hits you. The acid corrodes you!
You are splashed with acid!
Casting: Magic Dart (safe; 1% risk of failure)
Confirm with . or Enter, or press ? or * to list all spells.
Aiming: Magic Dart (safe; 1% risk of failure)
Press: ? - help, Shift-Dir - straight line, f/p - jelly
Aim: a jelly (almost dead, 100% to hit)
The magic dart hits the jelly.
The jelly is almost dead.
The jelly hits you.
You are splashed with acid!
You die...

### #|.....##@#######
#.PP...#J#.#..).#####
#.J....#.#.#.....##.# ###
#....÷J#)#'#....).'.## #..
#...÷J.#.#........'..# #.[
#....P÷#.#....)..)'..###..
#JJ...÷#.#.....).##...##..
#PPPJP.'##......#####.##..
#..÷...########## #..#†.


You could see a jelly.

Vanquished Creatures
  A jelly (D:2)
  Natasha (D:2)
  An adder (D:2)
  3 dart slugs (D:2)
  4 bats
  10 endoplasms
  6 goblins
  3 hobgoblins
  3 jackals (D:1)
  10 kobolds (D:2)
  A quokka (D:1)
  7 ball pythons
  4 rats
54 creatures vanquished.

Vanquished Creatures (others)
  6 fungi (D:2)
  4 toadstools (D:2)
10 creatures vanquished.

Grand Total: 64 creatures vanquished

Notes
Turn   | Place    | Note
-------+----------+-------------------------------------------
     0 | D:1      | venomsnake the Deep Elf Conjurer began the quest for the
                  | Orb.
     0 | D:1      | Reached XP level 1. HP: 10/10 MP: 6/6
   244 | D:1      | Reached XP level 2. HP: 15/15 MP: 6/8
   247 | D:1      | Learned a level 2 spell: Searing Ray
   286 | D:1      | Reached skill level 1 in Translocations
   970 | D:1      | Reached XP level 3. HP: 19/19 MP: 6/10
  1174 | D:1      | Found Xumofenu's Distillery.
  1567 | D:2      | Reached skill level 5 in Conjurations
  1649 | D:2      | Noticed Natasha
  1657 | D:2      | Killed Natasha
  1658 | D:2      | Reached XP level 4. HP: 24/24 MP: 4/12
  2056 | D:2      | Splashed by a jelly's acid

Illustrated notes

Levels and vault maps discovered:
D:1:      onia_arrival_handbag, layout_basic, serial_shops,
          nicolae_shop_hallway_plus
D:2:      cheibrodos_fertilizer, layout_rooms, uniq_natasha

Skill      XL: |  1  2  3 |
---------------+----------+-----
Translocations | 1 2 |  2.6
Spellcasting   | 4 |  4.6
Conjurations   | 5 |  5.3
Dodging        | |  2.4
Stealth        | |  2.4

Action                   |  1- 3 |  4- 6 || total
-------------------------+-------+-------++-------
 Cast: Magic Dart        |    52 |    24 ||    76
       Searing Ray       |    17 |     3 ||    20
Armor: Robe              |     1 |     2 ||     3
Dodge: Dodged            |     1 |     3 ||     4
